 Dungeon Crawl Stone Soup version 0.26.1-11-gd32895ea62 (webtiles) character file.

Game seed: 10605049316938737370

317 Descartes the Skirmisher (level 6, -1/49 HPs)
             Began as a Formicid Chaos Knight on May 25, 2021.
             Was a Plaything of Xom.
             Slain by an orc
             ... wielding a +0 hand axe
              (7 damage)
             ... on level 3 of the Dungeon.
             The game lasted 00:03:59 (2498 turns).

Descartes the Skirmisher (Formicid Chaos Knight)    Turns: 2498, Time: 00:03:59

Health: -1/49      AC:  6    Str: 18    XL:     6   Next: 73%
Magic:  6/6        EV: 13    Int: 11    God:    Xom [.*....]
Gold:   199        SH:  0    Dex: 17    Spells: 5/5 levels left

rFire    . . .     SeeInvis +   a - +0 hand axe (chaos)
rCold    . . .     Faith    .   (no shield)
rNeg     . . .     Spirit   .   b - +2 leather armour
rPois    .         Reflect  .   (helmet unavailable)
rElec    .         Harm     .   s - +0 cloak
rCorr    .         Rampage  .   (no gloves)
Will     .....                  (no boots)
Stlth    +.........             (no amulet)
HPRegen  0.16/turn              j - +6 ring of dexterity
MPRegen  0.10/turn              (no ring)

@: attractive
A: permanent stasis, dig shafts and tunnels, four strong arms, antennae 3
a: Dig, Shaft Self, Renounce Religion


You were on level 3 of the Dungeon.
You worshipped Xom.
You were a plaything of Xom.
You visited 1 branch of the dungeon, and saw 3 of its levels.

You collected 199 gold pieces.

Inventory:

Hand Weapons
 a - a +0 hand axe of chaos (weapon)
 u - a +0 war axe of freezing
Missiles
 d - 92 stones
 i - 13 poisoned darts
 p - 21 arrows
Armour
 b - a +2 leather armour (worn)
 s - a +0 cloak (worn)
 v - a +0 ring mail of cold resistance
Jewellery
 j - a +6 ring of dexterity (left hand)
Scrolls
 c - a scroll of remove curse {unknown}
 e - a scroll of blinking {unknown}
 f - a scroll of noise {unknown}
 g - 4 scrolls of teleportation {unknown}
 l - a scroll of enchant weapon {unknown}
 m - a scroll of enchant armour {unknown}
 n - 2 scrolls of identify {unknown}
Potions
 h - a potion of mutation {unknown}
 k - a potion of curing
 o - a potion of lignification {unknown}
 q - a potion of heal wounds {unknown}
 r - a potion of attraction
 t - a potion of flight {unknown}


   Skills:
 + Level 4.7 Fighting
 + Level 4.3 Axes
 + Level 4.0 Armour
 + Level 3.0 Dodging


You had 5 spell levels left.
You didn't know any spells.
Your spell library was empty.

Dungeon Overview and Level Annotations

Branches:
Dungeon (3/15)

Altars:
Makhleb

Annotations:
D:3 Natasha


Innate Abilities, Weirdness & Mutations

You cannot be hasted, slowed, berserked, paralysed or teleported.
You can dig through walls and to a lower floor.
Your four strong arms can wield two-handed weapons with a shield.
You have a pair of large antennae on your head. (SInv)


Message History

a +0 war axe of freezing; a +0 ring mail of cold resistance
u - a +0 war axe of freezing;
v - a +0 ring mail of cold resistance
Things that are here:
a cursed -3 mace; a +0 leather armour; an orc corpse Your leather armour prevents you from hitting the orc.
The orc hits you with a +0 hand axe.
You barely miss the orc. The orc hits you with a +0 hand axe.
* * * LOW HITPOINT WARNING * * *
Natasha, Servant of Life and Death comes into view.
You barely miss the orc.
Natasha hisses angrily.
The orc completely misses you.
Natasha growls.
Natasha casts a spell at you. The magic dart hits you.
* * * LOW HITPOINT WARNING * * *
It was a potion of attraction.
You feel attractive to monsters. The orc hits you with a +0 hand axe!
You die...

...............##.....#
..........(....##.....###
o....>....................
...............###....###
...............# #....#
...............# #†...# o
.......†)).)...###....#
.......).).....h......#
........@..?...###....# o
........o......# ####.###
...............# #.......
...............# #.....##
...............# #.....#
...............# #.....#
..............# #.....#
............?.# #.....#
..###.##


You could see Natasha and an orc.

Vanquished Creatures
  A hound (D:2)
  An orc wizard (D:3)
  An orc priest (D:3)
  Terence (D:3)
  A worker ant (D:2)
  A gnoll (D:2)
  5 adders
  5 dart slugs
  3 worms (D:2)
  A leopard gecko (D:1)
  9 orcs (D:3)
  10 bats
  6 giant cockroaches
  9 goblins
  10 hobgoblins
  3 jackals (D:1)
  10 kobolds
  A quokka (D:3)
  8 frilled lizards
  6 rats
92 creatures vanquished.

Notes
Turn   | Place    | Note
-------+----------+-------------------------------------------
     0 | D:1      | Descartes the Formicid Chaos Knight began the quest for the
                  | Orb.
     0 | D:1      | Reached XP level 1. HP: 18/18 MP: 1/1
    78 | D:1      | Reached skill level 1 in Dodging
    90 | D:1      | Reached XP level 2. HP: 23/24 MP: 2/2
   326 | D:1      | Reached XP level 3. HP: 29/29 MP: 3/3
   952 | D:2      | XOM: potion effect (invisibility)
   960 | D:2      | Reached XP level 4. HP: 32/37 MP: 4/4
  1325 | D:2      | Found a burning altar of Makhleb.
  1331 | D:2      | Reached XP level 5. HP: 39/42 MP: 5/5
  2036 | D:3      | Reached XP level 6. HP: 41/49 MP: 6/6
  2135 | D:3      | XOM: silly message
  2347 | D:3      | XOM: noise
  2449 | D:3      | Noticed Terence
  2459 | D:3      | XOM: divination: detect creatures
  2479 | D:3      | Killed Terence
  2496 | D:3      | Noticed Natasha
  2498 | D:3      | Slain by an orc

Illustrated notes

Levels and vault maps discovered:
D:1:      dpeg_arrival_fog, layout_loops_ring
D:2:      minmay_diamond_boxcup, layout_rooms, makhleb_blood_cavern_becter
D:3:      layout_basic, uniq_natasha, uniq_robin, uniq_terence

Skill      XL: |  1  2  3  4  5  6 |
---------------+-------------------+-----
Dodging        | 1 2 3 |  3.0
Armour         | 3 4 |  4.0
Fighting       | 4 |  4.7
Axes           | 4 |  4.3

Action                   |  1- 3 |  4- 6 || total
-------------------------+-------+-------++-------
Melee: Hand axe          |    73 |   171 ||   244
  Use: Potion            |       |     2 ||     2
 Stab: Invisible         |     1 |       ||     1
       Paralysed         |       |     7 ||     7
Armor: Leather armour    |    33 |    41 ||    74
Dodge: Dodged            |    61 |   112 ||   173
